 Dungeon Crawl Stone Soup version 0.24-a0-181-gd121a6d (webtiles) character file.

Game seed: 3640828895277232266

11526 gruber the Thaumaturge (level 11, -10/86 HPs)
             Began as a Gnoll Skald on Mar 14, 2019.
             Was a High Priest of Okawaru.
             Mangled by a four-headed hydra (15 damage)
             ... on level 11 of the Dungeon.
             The game lasted 00:25:17 (10922 turns).

gruber the Thaumaturge (Gnoll Skald)               Turns: 10922, Time: 00:25:18

Health: -10/86     AC: 10    Str: 13    XL:     11   Next: 79%
Magic:  19/23      EV: 22    Int: 20    God:    Okawaru [*****.]
Gold:   649        SH:  0    Dex: 14    Spells: 10/26 levels left

rFire    + + .     SeeInvis .   G - +3 spear (venom)
rCold    . . .     Gourm    .   (no shield)
rNeg     . . .     Faith    .   H - +3 leather armour {rF+}
rPois    .         Spirit   .   x - +0 helmet
rElec    .         Reflect  .   (no cloak)
rCorr    .         Harm     .   (no gloves)
MR       .....                  p - +0 pair of boots
Stlth    +++++.....             (no amulet)
HPRegen  0.24/turn              E - +2 ring of evasion
MPRegen  0.18/turn              B - ring of protection from fire

@: heroism
A: distributed training, fangs 1, strong nose
a: Heroism, Finesse, Renounce Religion


You were on level 11 of the Dungeon.
You worshipped Okawaru.
Okawaru was extremely pleased with you.
You were hungry.

You visited 2 branches of the dungeon, and saw 12 of its levels.

You collected 688 gold pieces.
You spent 39 gold pieces at shops.

Inventory:

Hand Weapons
 a - a +0 spear
 q - a +0 hunting sling
 v - a +3 scimitar of holy wrath
 G - a +3 spear of venom (weapon)
Missiles
 h - 426 stones
 n - 173 sling bullets
 z - 4 throwing nets (quivered)
Armour
 p - a +0 pair of boots (worn)
 x - a +0 helmet (worn)
 H - a +3 leather armour of fire resistance (worn)
Jewellery
 b - an uncursed ring of protection from fire
 B - a ring of protection from fire (right hand)
 E - a +2 ring of evasion (left hand)
 J - an uncursed ring of poison resistance
Wands
 l - a wand of flame (14)
 s - a wand of iceblast (14)
 t - a wand of digging (7)
 y - a wand of acid (10)
 D - a wand of paralysis (6)
 M - a wand of random effects (13)
Scrolls
 c - 5 scrolls of enchant weapon
 e - 2 scrolls of fear {unknown}
 f - 2 scrolls of teleportation
 i - 2 scrolls of amnesia
 j - 2 scrolls of enchant armour
 k - 3 scrolls of identify
 u - 4 scrolls of remove curse
 C - a scroll of blinking
 O - 2 scrolls of noise {unknown}
Potions
 g - 2 potions of agility
 m - 2 potions of magic
 o - 2 potions of curing
 r - 3 potions of brilliance
 w - a potion of lignification
 A - a potion of berserk rage
 I - a potion of heal wounds
 K - 4 potions of ambrosia
 L - a potion of flight
 N - a potion of haste
Comestibles
 d - 22 rations


   Skills:
 + Level 8.0(13.0) Fighting
 + Level 6.5(11.5) Short Blades
 + Level 6.5(11.5) Long Blades
 + Level 6.5(11.5) Axes
 + Level 6.5(11.5) Maces & Flails
 + Level 8.0(13.0) Polearms
 + Level 6.5(11.5) Staves
 + Level 6.5(11.5) Slings
 + Level 6.5(11.5) Bows
 + Level 6.5(11.5) Crossbows
 + Level 6.5(11.5) Throwing
 + Level 7.0(12.0) Armour
 + Level 8.0(13.0) Dodging
 + Level 6.5(11.5) Stealth
 + Level 6.5(11.5) Shields
 + Level 6.5(11.5) Unarmed Combat
 + Level 8.3 Spellcasting
 + Level 5.4 Conjurations
 + Level 5.4 Hexes
 + Level 7.8 Charms
 + Level 5.4 Summonings
 + Level 5.4 Necromancy
 + Level 5.4 Translocations
 + Level 5.4 Transmutations
 + Level 5.4 Fire Magic
 + Level 5.4 Ice Magic
 + Level 5.4 Air Magic
 + Level 5.4 Earth Magic
 + Level 5.4 Poison Magic
 + Level 7.1 Invocations
 + Level 6.5 Evocations


You had 10 spell levels left.
You knew the following spells:

 Your Spells              Type           Power        Failure   Level  Hunger
a - Infusion              Chrm           ####         1%          1    None
b - Song of Slaying       Chrm           #####...     1%          2    None
c - Shroud of Golubria    Chrm/Tloc      ####......   1%          2    None
d - Regeneration          Chrm/Necr      ####......   1%          3    None
e - Spectral Weapon       Hex/Chrm       ####....     1%          3    None
f - Animate Skeleton      Necr           N/A          1%          1    None
g - Summon Small Mammal   Summ           ####         1%          1    None
h - Mephitic Cloud        Conj/Pois/Air  ####....     3%          3    None

Your spell library contained the following spells:

 Spells                   Type           Power        Failure   Level  Hunger
 Apportation              Tloc           ####..       1%          1    None
 Beastly Appendage        Tmut           ####..       1%          1    None
 Confusing Touch          Hex            ####..       1%          1    None
 Poisonous Vapours        Pois/Air       ####..       1%          2    None
 Sticks to Snakes         Tmut           ####....     1%          2    None
 Confuse                  Hex            ####....     3%          3    None
 Conjure Flame            Conj/Fire      ####....     3%          3    None
 Gell's Gravitas          Tloc           ####......   3%          3    None
 Lesser Beckoning         Tloc           ####......   3%          3    None
 Spider Form              Tmut/Pois      ####......   3%          3    None
 Ice Form                 Ice/Tmut       ####....     11%         4    ###....
 Passage of Golubria      Tloc           N/A          11%         4    ###....
 Petrify                  Tmut/Erth      ####....     11%         4    ###....
 Blade Hands              Tmut           ####......   30%         5    #####..
 Bolt of Magma            Conj/Fire/Erth ####......   30%         5    #####..
 Metabolic Englaciation   Hex/Ice        ####......   30%         5    #####..
 Yara's Violent Unravell  Hex/Tmut       ####......   30%         5    #####..
 Dispersal                Tloc           ####......   86%         6    ######.
 Freezing Cloud           Conj/Ice/Air   ####......   86%         6    ######.
 Ring of Flames           Chrm/Fire      ####......   99%         7    #######


Dungeon Overview and Level Annotations

Branches:
Dungeon (11/15)            Temple (1/1) D:7            Lair (0/6) D:8
    Orc: D:9-12

Altars:
Ashenzari
Cheibriados
Dithmenos
Elyvilon
Fedhas
Gozag
Hepliaklqana
Kikubaaqudgha
Makhleb
Nemelex Xobeh
Okawaru
Qazlal
Ru
Sif Muna
Trog
Uskayaw
Vehumet
Wu Jian
Xom
Yredelemnul
Zin
The Shining One

Shops:
D:6 !   D:7 %


Innate Abilities, Weirdness & Mutations

Your experience applies equally to all skills.
You have very sharp teeth.
Your uncanny sense of smell can sniff out nearby items.


Message History

The centaur warrior hits you with a +0 hand axe.
* * * LOW HITPOINT WARNING * * *
The centaur warrior hits your spectral weapon with a +0 hand axe.
Your spectral weapon shares its damage with you!
* * * LOW HITPOINT WARNING * * *
You closely miss the centaur warrior.
The centaur warrior is heavily wounded.
Your spectral weapon hits the centaur warrior.
Unknown command.
You hit the centaur warrior.
The centaur warrior looks as sick as possible!
The centaur warrior is severely wounded.
Your spectral weapon hits the centaur warrior but does no damage.
The centaur warrior looks as sick as possible!
The centaur warrior hits your spectral weapon with a +0 hand axe.
Your spectral weapon shares its damage with you!
The centaur warrior hits you with a +0 hand axe.
* * * LOW HITPOINT WARNING * * *
x2 The four-headed hydra bites you!
You die...

#.....#........###
∆5##.....#............
∆....#...............
∆ #.....#............
... #............
###.###.<......../.
∆#.$#$.#..(........
#$.$.$#...(..>##+
#...#$#$#.....@D.# .
#$.$.[#....(c.#
#.$#$.#..........
###.###.........## ...
.............
...............8...
.......#######...###
... .. 8... ..


You could see a four-headed hydra, a centaur warrior and a friendly spectral +3
spear of venom.

Vanquished Creatures
  Harold (D:9)
  2 two-headed ogres
  2 unseen horrors
  Pikel (D:9)
  A komodo dragon (D:8)
  2 trolls
  Prince Ribbit (D:5)
  A spriggan (D:7)
  3 basilisks (D:8)
  4 wyverns
  A hungry ghost (D:10)
  A steam dragon (D:8)
  2 orc warriors
  A black bear (D:10)
  5 ice beasts
  3 phantoms
  5 sky beasts
  4 ogres
  A necrophage (D:7)
  10 centaurs
  A big kobold (D:8)
  4 bullfrogs
  7 scorpions
  8 killer bees
  6 wights
  2 howler monkeys (D:7)
  7 crimson imps
  A jelly (D:9)
  A quasit (D:9)
  A bullfrog zombie (D:8)
  4 hounds
  10 orc priests
  2 iguanas
  14 orc wizards
  2 bullfrog skeletons
  A gnoll shaman (D:6)
  Ijyb (D:4)
  8 worker ants
  A hound zombie (D:10)
  15 adders
  4 gnolls (D:6)
  A river rat (D:5)
  4 shadow imps
  An ooze (D:3)
  2 adder skeletons (D:9)
  An adder zombie (D:10)
  2 worms (D:2)
  3 dart slugs
  8 leopard geckos
  37 orcs
  4 giant cockroaches
  9 goblins
  8 hobgoblins
  8 jackals
  3 quokkas
  A ball python (D:5)
  A ball python zombie (D:2)
  8 bats
  A frilled lizard (D:1)
  A jackal skeleton (D:2)
  A jackal zombie (D:2)
  15 kobolds
  2 leopard gecko skeletons
  7 rats
279 creatures vanquished.

Vanquished Creatures (others)
  A slave (D:9)
  A bullfrog (D:6)
  An adder (D:9)
  2 spectral weapons
5 creatures vanquished.

Grand Total: 284 creatures vanquished

Notes
Turn   | Place    | Note
-------+----------+-------------------------------------------
     0 | D:1      | gruber the Gnoll Skald began the quest for the Orb.
     0 | D:1      | Reached XP level 1. HP: 20/20 MP: 6/6
   151 | D:1      | Reached XP level 2. HP: 19/26 MP: 4/7
   163 | D:1      | Learned a level 2 spell: Song of Slaying
   166 | D:1      | Learned a level 2 spell: Shroud of Golubria
   509 | D:2      | Reached XP level 3. HP: 31/31 MP: 1/9
   513 | D:2      | Reached skill level 5 in Spellcasting
   747 | D:2      | Reached skill level 1 in Invocations
   842 | D:2      | Reached skill level 1 in Short Blades
   842 | D:2      | Reached skill level 1 in Long Blades
   842 | D:2      | Reached skill level 1 in Axes
   842 | D:2      | Reached skill level 1 in Maces & Flails
   842 | D:2      | Reached skill level 1 in Staves
   842 | D:2      | Reached skill level 1 in Slings
   842 | D:2      | Reached skill level 1 in Bows
   842 | D:2      | Reached skill level 1 in Crossbows
   842 | D:2      | Reached skill level 1 in Throwing
   842 | D:2      | Reached skill level 1 in Stealth
   842 | D:2      | Reached skill level 1 in Shields
   842 | D:2      | Reached skill level 1 in Unarmed Combat
   842 | D:2      | Reached skill level 1 in Evocations
  1123 | D:2      | Reached XP level 4. HP: 38/38 MP: 4/11
  1219 | D:2      | Found a faded altar of an unknown god.
  1690 | D:3      | Reached skill level 1 in Conjurations
  1690 | D:3      | Reached skill level 1 in Hexes
  1690 | D:3      | Reached skill level 1 in Summonings
  1690 | D:3      | Reached skill level 1 in Necromancy
  1690 | D:3      | Reached skill level 1 in Translocations
  1690 | D:3      | Reached skill level 1 in Transmutations
  1690 | D:3      | Reached skill level 1 in Fire Magic
  1690 | D:3      | Reached skill level 1 in Ice Magic
  1690 | D:3      | Reached skill level 1 in Air Magic
  1690 | D:3      | Reached skill level 1 in Earth Magic
  1690 | D:3      | Reached skill level 1 in Poison Magic
  1703 | D:3      | Learned a level 3 spell: Regeneration
  1707 | D:3      | Learned a level 3 spell: Spectral Weapon
  1808 | D:3      | Reached XP level 5. HP: 43/43 MP: 1/12
  1947 | D:3      | Found a blossoming altar of Fedhas.
  1984 | D:3      | Noticed a centaur
  1990 | D:3      | Killed a centaur
  1993 | D:3      | Reached XP level 6. HP: 38/50 MP: 10/13
  2036 | D:3      | Noticed a phantom
  2062 | D:3      | Killed a phantom
  2062 | D:3      | Reached skill level 5 in Fighting
  2062 | D:3      | Reached skill level 5 in Polearms
  2062 | D:3      | Reached skill level 5 in Dodging
  2445 | D:4      | Reached XP level 7. HP: 49/56 MP: 11/15
  2721 | D:4      | Noticed Ijyb
  2742 | D:4      | Killed Ijyb
  3021 | D:4      | Found a sacrificial altar of Ru.
  3163 | D:5      | Entered Level 5 of the Dungeon
  3163 | D:5      | Noticed Prince Ribbit
  3377 | D:5      | Reached XP level 8. HP: 61/63 MP: 16/16
  3425 | D:5      | Killed Prince Ribbit
  3785 | D:5      | Found a glowing silver altar of Zin.
  3785 | D:5      | Noticed an angel
  4459 | D:6      | Found Idonuts's Distillery.
  4467 | D:6      | Bought a potion of curing for 39 gold pieces
  4556 | D:6      | Reached XP level 9. HP: 39/69 MP: 13/18
  5450 | D:7      | Found Wehofeb's Food Shop.
  5467 | D:7      | Reached skill level 5 in Armour
  5490 | D:7      | Found a staircase to the Ecumenical Temple.
  5530 | Temple   | Entered the Ecumenical Temple
  5948 | D:7      | Found an iron altar of Okawaru.
  5977 | D:7      | Became a worshipper of Warmaster Okawaru
  6185 | D:7      | Reached skill level 5 in Invocations
  6317 | D:7      | Reached * piety under Okawaru
  6335 | D:8      | Noticed a two-headed ogre
  6339 | D:8      | Reached XP level 10. HP: 64/77 MP: 14/20
  6354 | D:7      | HP: 2/77 [two-headed ogre/+0 giant club (27)]
  6356 | D:7      | Killed a two-headed ogre
  6356 | D:7      | Reached skill level 5 in Short Blades
  6356 | D:7      | Reached skill level 5 in Long Blades
  6356 | D:7      | Reached skill level 5 in Axes
  6356 | D:7      | Reached skill level 5 in Maces & Flails
  6356 | D:7      | Reached skill level 5 in Staves
  6356 | D:7      | Reached skill level 5 in Slings
  6356 | D:7      | Reached skill level 5 in Bows
  6356 | D:7      | Reached skill level 5 in Crossbows
  6356 | D:7      | Reached skill level 5 in Throwing
  6356 | D:7      | Reached skill level 5 in Stealth
  6356 | D:7      | Reached skill level 5 in Shields
  6356 | D:7      | Reached skill level 5 in Unarmed Combat
  6356 | D:7      | Reached skill level 5 in Evocations
  6793 | D:8      | Reached ** piety under Okawaru
  7745 | D:8      | Reached *** piety under Okawaru
  7781 | D:8      | Found a staircase to the Lair.
  8143 | D:9      | Noticed Harold
  8246 | D:9      | Killed Harold
  8246 | D:9      | Reached XP level 11. HP: 63/84 MP: 8/22
  8893 | D:9      | Noticed Pikel
  8905 | D:9      | Killed Pikel
  8905 | D:9      | Reached skill level 5 in Conjurations
  8905 | D:9      | Reached skill level 5 in Hexes
  8905 | D:9      | Reached skill level 5 in Summonings
  8905 | D:9      | Reached skill level 5 in Necromancy
  8905 | D:9      | Reached skill level 5 in Translocations
  8905 | D:9      | Reached skill level 5 in Transmutations
  8905 | D:9      | Reached skill level 5 in Fire Magic
  8905 | D:9      | Reached skill level 5 in Ice Magic
  8905 | D:9      | Reached skill level 5 in Air Magic
  8905 | D:9      | Reached skill level 5 in Earth Magic
  8905 | D:9      | Reached skill level 5 in Poison Magic
  9029 | D:9      | Found a hide-covered altar of Uskayaw.
  9065 | D:9      | Noticed a two-headed ogre
  9077 | D:9      | Killed a two-headed ogre
  9077 | D:9      | Reached **** piety under Okawaru
  9409 | D:9      | Found a bloodstained altar of Trog.
  9409 | D:9      | Found a glowing golden altar of the Shining One.
  9410 | D:9      | Found a deep blue altar of Sif Muna.
  9666 | D:10     | Entered Level 10 of the Dungeon
  9924 | D:10     | Identified the Disquisition on Ashen Dislocation
  9991 | D:10     | Killed an unseen horror
 10175 | D:10     | Learned a level 1 spell: Animate Skeleton
 10532 | D:11     | Reached ***** piety under Okawaru
 10579 | D:11     | Noticed an eight-headed hydra
 10581 | D:11     | Noticed a two-headed ogre
 10610 | D:10     | Learned a level 1 spell: Summon Small Mammal
 10614 | D:10     | Learned a level 3 spell: Mephitic Cloud
 10770 | D:11     | Killed an unseen horror
 10770 | D:11     | Received a gift from Okawaru
 10909 | D:11     | Noticed a centaur warrior
 10912 | D:11     | Noticed a four-headed hydra
 10922 | D:11     | Mangled by a four-headed hydra

Levels and vault maps discovered:
D:1:      ebering_trefoil_3fold, layout_rooms, serial_bayou_pond_d
D:2:      layout_basic, chequers_ecumenical_altar_twisty, serial_undead,
          serial_undead_d, serial_undead_e, serial_undead_d, serial_undead_a,
          serial_undead_e
D:3:      layout_basic, fedhas_altar_4, minmay_checkerbox
D:4:      layout_rooms, nicolae_ru_the_path_less_chosen, uniq_ijyb
D:5:      layout_cave_pods, zin_angel, gup_sewer_entry_spiral, first_ration,
          uniq_prince_ribbit1
D:6:      layout_cave_pods, serial_shops, shop_statue
D:7:      layout_gridville, kennysheep_mini_moat, minmay_temple_entry_wispy,
          serial_shops, shop_statue, the_bakery, minmay_misc_feat_hallway
D:8:      layout_rooms, erik_lair_dragon, enter_bailey_2, kennysheep_doodads
D:9:      layout_loops_ring, eat_drink_and_be_merry_uskayaw,
          gammafunk_temple_overflow_claw, uniq_pikel, uniq_harold
D:10:     layout_long_grid
D:11:     minmay_the_grid_square_5x5_5x5
          [minmay_the_grid_square_5x5_pentomino_r,
          minmay_the_grid_square_5x5_checkered_sparse,
          minmay_the_grid_square_5x5_sharp_hourglass,
          minmay_the_grid_square_5x5_comb, minmay_the_grid_square_5x5_moneybag,
          minmay_the_grid_square_5x5_forky,
          minmay_the_grid_square_5x5_prize_rear_guard,
          minmay_the_grid_square_5x5_three,
          minmay_the_grid_square_5x5_prize_monsterx,
          minmay_the_grid_square_5x5_one_wall,
          minmay_the_grid_square_5x5_minivault,
          minmay_the_grid_square_5x5_n_small,
          minmay_the_grid_square_5x5_prize_itemx,
          minmay_the_grid_square_5x5_dogpile,
          minmay_the_grid_square_5x5_eight_small, minmay_the_grid_square_5x5_z,
          minmay_the_grid_square_5x5_prize_gold,
          minmay_the_grid_square_5x5_bite,
          minmay_the_grid_square_5x5_prize_junk,
          minmay_the_grid_square_5x5_bracketed,
          minmay_the_grid_square_5x5_spiral_small,
          minmay_the_grid_square_5x5_misaligned,
          minmay_the_grid_square_5x5_broken_cross, minmay_the_grid_square_5x5_n,
          minmay_the_grid_square_5x5_bridge], layout_irregular_city,
          serial_column_ruins, column_ruins_grid_2,
          column_ruins_corridor_straight, column_ruins_corridor_dead_end,
          column_ruins_grid_4, column_ruins_corridor_straight, uniq_sonja
Temple:   dpeg_chambers_temple

Skill      XL: |  1  2  3  4  5  6  7  8  9 10 11 |
---------------+----------------------------------+-----
Spellcasting   | 5 6 7 8 |  8.3
Invocations    | 1 2 3 4 5 6 7 |  7.1
Short Blades   | 1 2 3 4 5 6 |  6.5
Long Blades    | 1 2 3 4 5 6 |  6.5
Axes           | 1 2 3 4 5 6 |  6.5
Maces & Flails | 1 2 3 4 5 6 |  6.5
Staves         | 1 2 3 4 5 6 |  6.5
Slings         | 1 2 3 4 5 6 |  6.5
Bows           | 1 2 3 4 5 6 |  6.5
Crossbows      | 1 2 3 4 5 6 |  6.5
Throwing       | 1 2 3 4 5 6 |  6.5
Stealth        | 1 2 3 4 5 6 |  6.5
Shields        | 1 2 3 4 5 6 |  6.5
Unarmed Combat | 1 2 3 4 5 6 |  6.5
Evocations     | 1 2 3 4 5 6 |  6.5
Conjurations   | 1 2 3 4 5 |  5.4
Hexes          | 1 2 3 4 5 |  5.4
Summonings     | 1 2 3 4 5 |  5.4
Necromancy     | 1 2 3 4 5 |  5.4
Translocations | 1 2 3 4 5 |  5.4
Transmutations | 1 2 3 4 5 |  5.4
Fire Magic     | 1 2 3 4 5 |  5.4
Ice Magic      | 1 2 3 4 5 |  5.4
Air Magic      | 1 2 3 4 5 |  5.4
Earth Magic    | 1 2 3 4 5 |  5.4
Poison Magic   | 1 2 3 4 5 |  5.4
Armour         | 3 4 5 6 7 |  7.0
Fighting       | 5 6 7 8 |  8.0
Polearms       | 5 6 7 8 |  8.0
Dodging        | 5 6 7 8 |  8.0
Charms         | 6 7 |  7.8

Action                   |  1- 3 |  4- 6 |  7- 9 | 10-12 || total
-------------------------+-------+-------+-------+-------++-------
Melee: Spear             |    96 |    49 |   141 |   460 ||   746
       Bite              |     5 |    11 |    24 |    32 ||    72
       Punch             |     1 |       |     5 |    10 ||    16
       Falchion          |       |    38 |       |       ||    38
       Scimitar          |       |    26 |   148 |       ||   174
Throw: Throwing net      |       |     1 |       |       ||     1
 Cast: Infusion          |    10 |     3 |     4 |    10 ||    27
       Song of Slaying   |     2 |     1 |     4 |     5 ||    12
       Shroud of Golubri |     1 |     1 |     3 |     5 ||    10
       Spectral Weapon   |       |     6 |    29 |    40 ||    75
       Regeneration      |       |     1 |     7 |    16 ||    24
Invok: Heroism           |       |       |       |     3 ||     3
  Use: Scroll            |       |       |       |    20 ||    20
       Potion            |       |       |       |     2 ||     2
 Stab: Sleeping          |     1 |       |     6 |     9 ||    16
       Distracted        |       |     1 |     1 |     2 ||     4
  Eat: Chunk             |       |     5 |    15 |    15 ||    35
Armor: Leather armour    |     6 |    28 |    49 |    56 ||   139
Dodge: Dodged            |    45 |   104 |   202 |   229 ||   580
       Rpst.: Falchion   |       |    10 |       |       ||    10
       Scimitar          |       |     8 |    29 |       ||    37

Table legend:
 A = Non-vault XP
 B = Vault XP
 C = Vault XP percentage of total XP
 D = Non-vault monster count
 E = Vault monster count
 F = Vault count percentage of total count
                 A         B        C        D         E       F
            +---------+---------+-------+---------+---------+-------
      Total |   11868 |    4599 |  27.9 |     254 |      26 |   9.3
            +---------+---------+-------+---------+---------+-------
        D:1 |      27 |       0 |   0.0 |      16 |       0 |   0.0
        D:2 |      76 |       3 |   3.8 |      23 |       3 |  11.5
        D:3 |     359 |     133 |  27.0 |      33 |       4 |  10.8
        D:4 |     539 |      36 |   6.3 |      18 |       1 |   5.3
        D:5 |     283 |     302 |  51.6 |      13 |       6 |  31.6
        D:6 |    1224 |       0 |   0.0 |      23 |       0 |   0.0
        D:7 |    2433 |     220 |   8.3 |      34 |       1 |   2.9
        D:8 |    1424 |    1532 |  51.8 |      35 |       7 |  16.7
        D:9 |    3064 |    1606 |  34.4 |      33 |       2 |   5.7
       D:10 |    2225 |       0 |   0.0 |      25 |       0 |   0.0
       D:11 |     214 |     767 |  78.2 |       1 |       2 |  66.7
            +---------+---------+-------+---------+---------+-------
